 Dungeon Crawl Stone Soup version 0.29.1-12-g30fa7ad0bf (webtiles) character file.

Game seed: 5607819865090396486

37 hawla the Chiller (level 3, 0/24 (26) HPs)
             Began as a Meteoran Ice Elementalist on Jan 14, 2023.
             Killed from afar by an orc wizard (2 damage)
             ... with a magic dart
             ... on level 4 of the Dungeon.
             The game lasted 00:02:37 (191 turns).

hawla the Chiller (Meteoran Ice Elementalist)        Turns: 191, Time: 00:02:38

HP:   0/24 (26)     AC:  3    Str: 10    XL:     3   Next: 85%
MP:   6/9           EV: 12    Int: 18    God:
Gold: 18            SH:  0    Dex: 14    Spells: 8/9 levels left

rFire   . . .      SeeInvis .   (no weapon)
rCold   . . .      Faith    .   (no shield)
rNeg    . . .      Spirit   .   a - +0 robe
rPois   .          Reflect  .   (no helmet)
rElec   .          Harm     .   (no cloak)
rCorr   .          Rampage  .   (no gloves)
Will    .....                   f - +0 pair of boots
Stlth   +.........              (no amulet)
HPRegen 0.08/turn               (no ring)
MPRegen 0.11/turn               (no ring)

@: glowing, drained
A: sense surroundings 1, otherworldly, glowing, explore regen
a: no special abilities


You were on level 4 of the Dungeon.
You visited 1 branch of the dungeon, and saw 4 of its levels.

You collected 18 gold pieces.

Inventory:

Armour
 a - a +0 robe (worn)
 f - a +0 pair of boots (worn)
Jewellery
 c - a ring of ice


   Skills:
 + Level 2.6 Dodging
 - Level 1.4 Stealth
 + Level 3.5 Spellcasting
 + Level 5.1 Ice Magic


You had 8 spell levels left.
You knew the following spells:

 Your Spells              Type           Power      Damage    Failure   Level
a - Freeze                Ice            84%        1d10      1%          1

Your spell library contained the following spells:

 Spells                   Type           Power      Damage    Failure   Level
 Frozen Ramparts          Ice            42%        1d7       5%          3
 Ozocubu's Armour         Ice            21%        N/A       5%          3
 Hailstorm                Conj/Ice       12%        3d5       47%         4


Dungeon Overview and Level Annotations

Branches:
Dungeon (4/15) Zot: 2202
 Temple: D:4-7

Altars:

Shops:
D:2 (


Innate Abilities, Weirdness & Mutations

You passively map a small area around you.
You are easily found by Zot.
You glow in the dark.
You regain HP and MP as you explore.


Message History

You freeze the orc.
The orc is moderately wounded.
Your jackal bites the orc.
The orc hits you with a +2 mace of draining.
* * * LOW HITPOINT WARNING * * *
You feel drained.
* * * LOW HITPOINT WARNING * * *
Magic courses through your body.
Your jackal closely misses the orc.
Your jackal barely misses the orc.
The orc wizard mumbles some strange words.
The orc wizard flickers and vanishes!
Deactivating autopickup; reactivate with Ctrl-A.
The orc hits your jackal with a +2 mace of draining.
Your jackal dies!
Your jackal's corpse dissolves into shadows!
The kobold hits your jackal with a +0 club.
Casting: Freeze (safe; 1% risk of failure)
Confirm with . or Enter, or press ? or * to list all spells.
Aiming: Freeze (safe; 1% risk of failure)
Press: ? - help, Shift-Dir - straight line, f/p - orc
Aim: an orc, wielding a +2 mace of draining and wearing a +0 leather armour (heavily wounded, ally target)
You freeze the orc!
You kill the orc!
Your jackal dissolves into shadows!
Your jackal misses the kobold.
The kobold hits your jackal with a +0 club.
Your jackal dies!
Your jackal's corpse dissolves into shadows!
It was a potion of cancellation.
You feel magically purged.
Casting: Freeze (safe; 1% risk of failure)
Confirm with . or Enter, or press ? or * to list all spells.
Aiming: Freeze (safe; 1% risk of failure)
Press: ? - help, Shift-Dir - straight line, f - kobold
Aim: a kobold, wielding a +0 club You freeze the kobold!
You kill the kobold!
You start waiting.
A magic dart appears from out of thin air!
The magic dart hits you.
You die...

, , * * * .#.
.###~~~* * .~~~~
~ ~ , ~~~≈~ ~
#####. , .## #~≈
###......
....#####.))....#
, .......{)@)# *
* , * ##.).))###
~ , ####### * , ,
*, * , * ,,, * *,
, , * ,, , ,, ,*
,,, ,


There were no monsters in sight!

Vanquished Creatures
  An adder (D:2)
  A dart slug (D:1)
  An orc (D:4)
  An endoplasm (D:1)
  A goblin (D:1)
  5 hobgoblins
  A frilled lizard (D:2)
  4 kobolds
  3 rats
18 creatures vanquished.

Vanquished Creatures (collateral kills)
  2 hobgoblins (D:4)
  3 kobolds (D:4)
5 creatures vanquished.

Grand Total: 23 creatures vanquished

Notes
Turn   | Place    | Note
-------+----------+-------------------------------------------
     0 | D:1      | hawla the Meteoran Ice Elementalist began the quest for the
                  | Orb.
     0 | D:1      | Reached XP level 1. HP: 14/14 MP: 5/5
    51 | D:1      | Reached XP level 2. HP: 16/20 MP: 4/6
    90 | D:2      | Reached XP level 3. HP: 26/26 MP: 5/8
    91 | D:2      | Reached skill level 5 in Ice Magic
   118 | D:2      | Found Lucif's Antique Weapon Shop.
   191 | D:4      | Killed from afar by an orc wizard

Illustrated notes

Levels and vault maps discovered:
D:1:      sevenhm_arrival_forest_fort_small_4, layout_basic
D:2:      layout_basic, serial_shops, nicolae_shop_waterfront,
          shapermc_ecumenical_altar_starsandcircs, basic_altar,
          hangedman_decor_push, minmay_pentomino_pile, uniq_robin
D:3:      layout_basic, nicolae_elevator_lobby_plus
D:4:      cheibrodos_thug_alley, layout_loops_ring, serial_shops,
          nicolae_shop_waterfront, gammafunk_ghost_cemetery,
          nicolae_specific_store

Skill      XL: |  1  2  3 |
---------------+----------+-----
Ice Magic      | 5 |  5.1
Spellcasting   | 3 |  3.5
Dodging        | |  2.6
Stealth        | |  1.4

Action                   || total
-------------------------++-------
Melee: Unarmed           ||     2
 Cast: Freeze            ||    30
  Use: Potion            ||     2
       Scroll            ||     1
Armor: Robe              ||     3
Dodge: Dodged            ||     9
